 Dungeon Crawl Stone Soup version 0.32-a0-596-g69a5a37 (webtiles) character file.

Game seed: 2416079773542258684

1542 korenl137 the Sneak (level 8, 0/37 HPs)
             Began as a Spriggan Hexslinger on Mar 2, 2024.
             Was a Believer of Fedhas.
             Killed by psychic fangs
             ... invoked by Maurice the brain worm
              (12 damage)
             ... on level 7 of the Dungeon.
             The game lasted 00:08:43 (6579 turns).

korenl137 the Sneak (Spriggan Hexslinger)           Turns: 6579, Time: 00:08:44

Health: 0/37       AC:  8    Str:  4    XL:     8   Next: 56%
Magic:  0/11       EV: 31    Int: 15    God:    Fedhas [**....]
Gold:   374        SH:  0    Dex: 19    Spells: 7/9 levels left

rFire   . . .        a - +1 sling
rCold   . . .        (no shield)
rNeg    . . .        p - +0 robe
rPois   .            (helmet restricted)
rElec   .            (no cloak)
rCorr   .            (gloves unavailable)
SInv    +            (boots unavailable)
Will    +....        (no amulet)
Stlth   ++++         g - +4 ring of protection
HPRegen 0.26/turn    i - ring of the Hare {EV+10}
MPRegen 0.12/turn

%: no passive effects
@: weak-willed, jinxed, very quick
A: very small, no large weapons, unfitting armour, see invisible, speed 3,
antennae 1, iridescent scales 1, strong-willed 1, MP-powered wands
a: Renounce Religion, Wall of Briars


You were on level 7 of the Dungeon.
You worshipped Fedhas.
Fedhas was pleased with you.
You visited 2 branches of the dungeon, and saw 8 of its levels.

You collected 374 gold pieces.

Inventory:

Hand Weapons
 a - a +1 sling (weapon)
Missiles
 k - 6 poisoned darts
 t - 5 boomerangs
Armour
 p - a +0 robe (worn)
Jewellery
 c - a ring of protection from cold
 g - a +4 ring of protection (left hand)
 i - the ring of the Hare (right hand) {EV+10}
   (You found it on level 3 of the Dungeon)

   [ring of evasion]

   EV+10:     It affects your evasion (+10).
Wands
 r - a wand of polymorph (6)
Scrolls
 b - 3 scrolls of poison
 e - a scroll of fear
 m - a scroll of identify {unknown}
 o - a scroll of amnesia {unknown}
 M - a scroll of revelation
 T - 2 scrolls of teleportation {!r}
Potions
 d - a potion of mutation {!q}
 f - a potion of brilliance {unknown}
 h - a potion of curing {unknown}
 j - a potion of might {unknown}
 l - a potion of cancellation {unknown}
 n - 2 potions of lignification {unknown}
 q - a potion of heal wounds {unknown}
 s - a potion of magic {unknown}


   Skills:
 - Level 1.0 Fighting
 * Level 7.1 Ranged Weapons
 + Level 6.7 Dodging
 + Level 7.2 Stealth
 - Level 1.3 Spellcasting
 + Level 6.8 Hexes
 - Level 0.7 Fire Magic


You had 7 spell levels left.
You knew the following spells:

 Your Spells              Type           Power      Damage    Failure   Level
a - Jinxbite              Hex            42%        N/A       2%          2

Your spell library contained the following spells:

 Spells                   Type           Power      Damage    Failure   Level
 Sigil of Binding         Hex            21%        N/A       4%          3
 Cause Fear               Hex            10%        N/A       14%         4
 Inner Flame              Hex/Fire       12%        N/A       16%         3
 Dimensional Bullseye     Hex/Tloc       5%         N/A       50%         4


Dungeon Overview and Level Annotations

Branches:
Dungeon (7/15)             Temple (1/1) D:4

Altars:
Ashenzari
Cheibriados
Dithmenos
Elyvilon
Fedhas
Gozag
Hepliaklqana
Kikubaaqudgha
Makhleb
Nemelex Xobeh
Okawaru
Qazlal
Ru
Sif Muna
Trog
Uskayaw
Vehumet
Wu Jian
Xom
Yredelemnul
Zin
The Shining One

Shops:
D:2 [   D:5 [

Annotations:
D:7 Maurice


Innate Abilities, Weirdness & Mutations

You are very small and have problems with some larger weapons.
You are too small for most types of armour.
You have supernaturally acute eyesight. (SInv)
You cover ground extremely quickly. (Speed+++)
You have a pair of small antennae on your head.
You are partially covered in iridescent scales. (AC +2)
You are strong-willed. (Will+)
You expend magic power (3 MP) to strengthen your wands.


Message History

Confirm with . or Enter, or press ? or * to list all spells.
You beckon some vexing sprites to accompany your attacks.
You feel your willpower being sapped.
Maurice's throbbing head pulsates.
Something gnaws heavily on your mind!
You feel your power leaking away.
You take 14 HP, and have [23/37] HP !!!!!
HP Warning !!!!!
You lose 3MP, and have [0/11] MP You are too injured to fight recklessly!
You are too injured to fight recklessly!
You are too injured to fight recklessly!
Fire: a) +1 sling
Press: ? - help, Q - select action, (/) - cycle Shift-Dir - straight line, f/p - Maurice
Aim: Maurice the brain worm (chance to call a sprite on attack: 53%, 80% to hit)
You shoot a sling bullet. The sling bullet hits Maurice!
Maurice is heavily wounded.
Fire: a) +1 sling
Press: ? - help, Q - select action, (/) - cycle Shift-Dir - straight line, f/p - Maurice
Aim: Maurice the brain worm (moderately wounded, chance to call a sprite on attack: 53%, 80% to hit)
You shoot a sling bullet. The sling bullet barely misses Maurice.
A giggling sprite leaps out and ties Maurice's tail in a knot.
Maurice is severely wounded.
Maurice's bulging head throbs.
Something gnaws heavily on your mind!
* * * LOW HITPOINT WARNING * * *
You feel your power leaking away.
You take 12 HP, and have [11/37] HP !!!!!
HP Warning !!!!!
Fire: a) +1 sling
Press: ? - help, Q - select action, (/) - cycle Shift-Dir - straight line, f/p - Maurice
Aim: Maurice the brain worm (heavily wounded, heavily drained, chance to call a sprite on attack: 61%, 80% to hit)
You shoot a sling bullet. The sling bullet hits Maurice.
Maurice is severely wounded.
Fire: a) +1 sling
Press: ? - help, Q - select action, (/) - cycle Shift-Dir - straight line, f/p - Maurice
Aim: Maurice the brain worm (heavily wounded, heavily drained, chance to call a sprite on attack: 61%, 80% to hit)
You shoot a sling bullet. The sling bullet hits Maurice.
Maurice is severely wounded.
Maurice seems less drained.
Maurice closely misses you.
Fire: a) +1 sling
Press: ? - help, Q - select action, (/) - cycle Shift-Dir - straight line, f/p - Maurice
Aim: Maurice the brain worm (severely wounded, chance to call a sprite on attack: 53%, 80% to hit)
You shoot a sling bullet. The sling bullet barely misses Maurice.
A giggling sprite leaps out and smacks Maurice with its own tail.
Maurice is almost dead.
Maurice's throbbing head pulsates.
Something gnaws heavily on your mind!
You die...
Fedhas appreciates your contribution to the ecosystem.

#.#......###..#....
########.#.###### ##.'..≈≈
...>.....#'#....###..#....
########....#####..#######
##....+##..###
#........### #......###
#...#### #..@w..#
.....#+###.# ..... .#
..... .. .... ..$ ### ....
..... ......


You could see Maurice the brain worm (very drained).

Vanquished Creatures
  Grinder (D:6)
  Menkaure (D:4)
  3 ogres
  A phantom (D:6)
  4 scorpions
  3 howler monkeys (D:5)
  2 hounds (D:6)
  5 orc priests
  5 iguanas
  An orc wizard (D:3)
  A gnoll (D:1)
  4 adders
  A shadow imp (D:5)
  2 ufetubi (D:5)
  4 ribbon worms
  4 dart slugs
  24 orcs
  7 bats
  9 endoplasms
  8 giant cockroaches
  5 goblins
  7 hobgoblins
  4 jackals (D:4)
  5 quokkas
  6 ball pythons
  7 frilled lizards
  4 kobolds
  6 rats
134 creatures vanquished.

Notes
Turn   | Place    | Note
-------+----------+-------------------------------------------
     0 | D:1      | korenl137 the Spriggan Hexslinger began the quest for the
                  | Orb.
     0 | D:1      | Reached XP level 1. HP: 9/9 MP: 3/3
   101 | D:1      | Reached XP level 2. HP: 14/14 MP: 5/5
   104 | D:1      | Learned a level 2 spell: Jinxbite
   116 | D:1      | Reached skill level 1 in Fighting
   165 | D:1      | Reached skill level 3 in Dodging
   165 | D:1      | Reached skill level 1 in Stealth
   298 | D:1      | Reached XP level 3. HP: 17/18 MP: 1/6
   553 | D:1      | Found a faded altar of an unknown god.
   827 | D:2      | Found Yherch's Antique Armour Shop.
  1271 | D:2      | Reached skill level 3 in Ranged Weapons
  1516 | D:2      | Reached XP level 4. HP: 22/22 MP: 4/7
  1757 | D:3      | Found the ring of the Hare {EV+10}
  1871 | D:3      | Found a shimmering blue altar of Sif Muna.
  2179 | D:3      | Gained mutation: You have a pair of small antennae on your
                  | head. [potion of mutation]
  2179 | D:3      | Gained mutation: You are partially covered in iridescent
                  | scales. (AC +2) [potion of mutation]
  2179 | D:3      | Gained mutation: You are strong-willed. (Will+) [potion of
                  | mutation]
  2179 | D:3      | Gained mutation: You expend magic power (3 MP) to
                  | strengthen your wands. [potion of mutation]
  2186 | D:3      | Reached skill level 3 in Stealth
  2189 | D:3      | Reached XP level 5. HP: 2/25 MP: 4/8
  2676 | D:4      | Found a staircase to the Ecumenical Temple.
  2685 | Temple   | Entered the Ecumenical Temple
  2698 | Temple   | Became a worshipper of Fedhas Madash
  2808 | D:4      | Noticed Menkaure
  2813 | D:4      | Killed Menkaure
  2814 | D:4      | Reached XP level 6. HP: 17/30 MP: 6/9
  3947 | D:5      | Entered Level 5 of the Dungeon
  4148 | D:5      | Reached * piety under Fedhas
  4149 | D:5      | Reached XP level 7. HP: 33/33 MP: 6/10
  4509 | D:5      | Reached skill level 6 in Hexes
  4710 | D:5      | Reached skill level 6 in Ranged Weapons
  4722 | D:5      | Found Ewonuff's Antique Armour Emporium.
  5158 | D:6      | Reached skill level 6 in Stealth
  5230 | D:6      | Reached skill level 6 in Dodging
  5230 | D:6      | Reached XP level 8. HP: 37/37 MP: 9/11
  5482 | D:6      | Noticed a troll
  5500 | D:6      | Noticed Grinder
  5987 | D:6      | Reached ** piety under Fedhas
  6112 | D:6      | Paralysed by Grinder for 5 turns
  6306 | D:6      | Paralysed by Grinder for 3 turns
  6450 | D:6      | Paralysed by Grinder for 2 turns
  6452 | D:6      | Killed Grinder
  6567 | D:7      | Noticed Maurice
  6569 | D:7      | Maurice changed into Maurice the brain worm
  6569 | D:7      | Noticed Maurice
  6579 | D:7      | Killed from afar by Maurice the brain worm

Illustrated notes

Levels and vault maps discovered:
D:1:      psy_arrival_dodecagon, layout_basic,
          dilly_ecumenical_altar_fadedgnrine
D:2:      cheibrodos_old_hovel, layout_loops_ring, serial_shops, shop
D:3:      layout_loops_ring, nicolae_overflow_crystal_walls, minmay_fountain_box
D:4:      layout_loops_corners, temple_fountains, chequers_garden, uniq_menkaure
D:5:      layout_cave_pods, serial_park, serial_park_paths
          [serial_park_minivault_5x5_5], serial_park_tiny_2, serial_park_square3
          [serial_park_minivault_5x5_8], serial_park_tiny_1,
          serial_park_fountain, serial_shops, nicolae_shop_overgrown_old_shop
D:6:      layout_loops_ring, st_stairs_6, hangedman_decor_growths, uniq_grinder
D:7:      layout_basic, grunt_decor_clamped, uniq_pikel, uniq_maurice
Temple:   compressed_dpeg_triangle_lava_temple

Skill      XL: |  1  2  3  4  5  6  7  8 |
---------------+-------------------------+-----
Fighting       | 1 |  1.0
Dodging        | 3 4 5 6 |  6.7
Stealth        | 1 2 3 4 6 7 |  7.2
Hexes          | 4 5 6 |  6.8
Ranged Weapons | 3 4 5 6 7 |  7.1
Spellcasting   | |  1.3
Fire Magic     | |  0.7

Action                     |  1- 3 |  4- 6 |  7- 9 || total
---------------------------+-------+-------+-------++-------
  Melee: Sling             |       |     1 |       ||     1
   Fire: Sling             |   101 |   124 |   183 ||   408
   Cast: Jinxbite          |    18 |    37 |    43 ||    98
  Evoke: Wand              |       |       |     2 ||     2
    Use: Potion            |       |     2 |       ||     2
         Scroll            |       |     2 |     1 ||     3
 Armour: Robe              |    15 |     5 |    14 ||    34
  Dodge: Dodged            |    38 |    54 |   103 ||   195

Table legend: (Time is in decaauts)
 A = Elapsed time spent in this place.
 B = Non-inter-level travel time spent in this place.
 C = Inter-level travel time spent in this place.
 D = Time resting spent in this place.
 E = Time spent auto-exploring this place.
 F = Levels seen in this place.
 G = Mean time per level.
                   A        B        C        D        E       F      G
               +--------+--------+--------+--------+--------+-----+--------+
         Total |   4943 |   4820 |    123 |    394 |   3395 |   8 |  617.9 |
       Dungeon |   4926 |   4811 |    115 |    394 |   3395 |   7 |  703.7 |
        Temple |     17 |     10 |      7 |      0 |      0 |   1 |   17.0 |
               +--------+--------+--------+--------+--------+-----+--------+

Top non-repeatable levels by time:
     D:5: 1011 daAuts
     D:6: 921 daAuts
     D:4: 916 daAuts
     D:3: 782 daAuts
     D:2: 625 daAuts
     D:1: 617 daAuts
     D:7: 51 daAuts
  Temple: 17 daAuts
